Map: Abiogenesis LE

Players

CinDra - Winner!

  • Race: Zerg Zerg
  • League: Platinum
  • Spawn Location: 11:00

DavidJChen

  • Race: Terran Terran
  • Spawn Location: 5:00

VOD

Have the link to the VOD?

Description

Time

  • Played on: March 20, 2018, 10:43 p.m.
  • Length: 14:52
Show
View Real Time Build Order
Export as new Build Order

CinDra Zerg - Winner!

Build Orders: Hatch First, Muta Ling Bane 

Get SALT Encoding   

  12  0:01  Drone  
  13  0:08  Drone  
  14  0:16  Overlord  
  14  0:34  Drone x2  
  16  0:36  Drone  
  17  0:54  Hatchery  
  17  0:55  Drone  
  17  1:01  Drone  
  18  1:11  Extractor  
  18  1:16  Spawning Pool  
  16  1:18  Drone  
  16  1:22  Drone  
  18  1:29  Drone  
  19  1:39  Overlord  
  19  1:51  Drone  
  20  2:02  Queen  
  20  2:03  Zergling x2  
  20  2:06  Queen  
  20  2:07  Zergling x2  
  26  2:12  Drone  
  26  2:41  Queen  
  28  2:46  Drone x6  
  33  2:52  Queen  
  33  2:54  Metabolic Boost  
  35  3:00  Overlord  
  35  3:01  Overlord  
  35  3:20  Drone x8  
  43  3:28  Extractor  
  43  3:30  Extractor  
  41  3:37  Lair  
  41  3:39  Zergling x8  
  42  3:58  Drone x4  
  42  3:59  Drone x3  
  48  4:11  Queen  
  50  4:21  Drone  
  50  4:22  Drone  
  51  4:35  Overlord x2  
  51  4:38  Spire  
  50  4:40  Drone  
  50  4:57  Zergling x18  
  59  5:31  Overlord  
  59  5:32  Overlord  
  59  5:50  Mutalisk  
  59  5:51  Mutalisk x6  
  73  5:58  Extractor, Drone  
  73  6:00  Overlord x2  
  73  6:16  Hatchery  
  72  6:25  Drone x4  
  76  6:27  Mutalisk x3  
  82  6:38  Zergling x12  
  88  6:47  Drone x3  
  88  6:52  Overlord x3  
  91  6:58  Zerg Flyer Weapons Level 1  
  91  7:14  Drone  
  92  7:15  Drone  
  92  7:16  Drone x3  
  92  7:17  Baneling Nest  
  95  7:45  Zergling x20  
  103  8:08  Drone x9  
  103  8:11  Extractor, Centrifical Hooks  
  111  8:13  Extractor  
  110  8:21  Baneling, Evolution Chamber  
  110  8:22  Baneling x34  
  110  8:23  Baneling, Evolution Chamber  
  108  8:27  Overseer x2  
  108  8:30  Overseer  
  108  9:05  Zerg Melee Weapons Level 1, Zerg Ground Armor Level 1  
  108  9:07  Hatchery, Zerg Flyer Armor Level 1  
  107  9:10  Overlord  
  107  9:11  Overlord  
  107  9:12  Zergling x30  
  107  9:14  Overlord x3  
  122  9:22  Drone  
  117  9:28  Zergling x10  
  116  9:32  Zergling x8  
  120  9:43  Drone  
  120  9:44  Drone x4  
  125  10:04  Zergling x10  
  130  10:20  Zergling x2  
  130  10:21  Zergling x26  
  144  10:43  Overlord x2  
  144  10:44  Zergling x12  
  144  10:47  Pneumatized Carapace  
  150  10:52  Queen  
  150  10:54  Drone x8  
  150  11:08  Zergling x14  
  110  11:19  Zergling x8  
  114  11:27  Zerg Melee Weapons Level 2  
  114  11:28  Zerg Ground Armor Level 2  
  114  11:37  Mutalisk  
  114  11:38  Mutalisk x10  
  130  12:10  Mutalisk  
  130  12:11  Mutalisk x10  
  141  12:26  Mutalisk  
  141  12:27  Mutalisk  
  140  12:30  Overlord x7  
  140  12:31  Overlord  
  140  12:47  Zergling x2  
  140  12:48  Zergling x8  
  145  12:52  Baneling x19  
  145  12:55  Baneling  
  145  13:05  Drone  
  145  13:06  Extractor x2, Infestation Pit  
  143  13:14  Drone x3  
  143  13:15  Drone x5  
  150  13:39  Hatchery  
  130  13:48  Mutalisk x7  
  136  14:27  Zergling x2  
  136  14:28  Zergling x32  
Show
View Real Time Build Order
Export as new Build Order

DavidJChen Terran 

Build Orders: MMM Bio 

Get SALT Encoding   

  12  0:00  SCV  
  13  0:13  SCV  
  14  0:19  Supply Depot  
  14  0:25  SCV  
  15  0:40  SCV  
  15  0:41  Barracks  
  16  0:49  Refinery  
  16  0:52  SCV  
  17  1:04  Barracks  
  17  1:05  SCV  
  18  1:17  SCV  
  19  1:29  Barracks, SCV  
  20  1:33  Reaper  
  21  1:41  Supply Depot  
  21  1:47  Refinery  
  21  1:51  SCV  
  22  1:54  Reaper  
  23  2:04  SCV  
  24  2:15  Supply Depot  
  24  2:18  Orbital Command  
  24  2:48  Reaper x3  
  27  2:52  SCV  
  28  3:13  SCV  
  28  3:16  Command Center  
  29  3:21  Marine  
  30  3:31  SCV  
  31  3:34  Factory  
  31  3:52  Reaper  
  31  3:53  Reaper x2  
  34  4:20  Starport  
  34  4:22  Supply Depot  
  34  4:43  Barracks Reactor x2  
  34  4:44  Barracks Reactor  
  34  4:46  Barracks Reactor  
  34  4:47  Barracks Reactor, Barracks Tech Lab  
  34  4:48  SCV  
  36  4:53  Orbital Command  
  36  4:55  Refinery  
  36  4:58  Factory Reactor  
  36  4:59  Starport Reactor  
  35  5:00  SCV  
  36  5:08  Barracks  
  36  5:10  Barracks  
  36  5:13  SCV  
  37  5:20  SCV  
  38  5:35  SCV x2  
  40  5:36  Bunker  
  40  5:41  Marine x4  
  46  5:42  Marauder  
  46  5:48  Supply Depot  
  46  5:59  Medivac  
  46  6:00  Medivac, Marine x2  
  46  6:01  Marine x2  
  46  6:03  Barracks Reactor  
  54  6:08  Stimpack  
  54  6:12  Engineering Bay  
  54  6:13  Barracks Tech Lab  
  54  6:17  Engineering Bay  
  54  6:22  Supply Depot  
  54  6:26  SCV x2  
  54  6:32  Refinery, Marine x5  
  59  6:34  Marauder  
  59  6:36  Combat Shields  
  59  6:37  Medivac  
  65  6:42  SCV, Supply Depot  
  65  6:43  SCV  
  67  6:51  Marine x5  
  67  6:52  Marine  
  67  6:54  SCV  
  74  7:00  SCV  
  75  7:06  SCV  
  76  7:14  Marine x2  
  76  7:15  Marine x4  
  80  7:16  Marauder  
  80  7:17  Marauder  
  86  7:22  Bunker  
  86  7:24  Missile Turret  
  86  7:28  Missile Turret, Terran Infantry Weapons Level 1  
  86  7:29  Terran Infantry Armor Level 1, Supply Depot  
  86  7:42  SCV, Medivac  
  89  7:44  Supply Depot  
  89  7:49  Medivac  
  83  8:06  SCV  
  83  8:07  SCV  
  83  8:12  Marine x4  
  88  8:13  Marine  
  88  8:14  Marauder, Marine x2  
  88  8:18  Medivac  
  88  8:19  Command Center  
  96  8:22  SCV x2  
  98  8:34  SCV  
  99  8:44  SCV  
  99  8:45  Marine x4  
  99  8:46  Marine x2  
  99  8:47  Marauder x2  
  110  8:48  Factory Tech Lab  
  109  9:09  Missile Turret  
  109  9:11  Missile Turret  
  109  9:17  Marine  
  109  9:23  Marine  
  109  9:24  Supply Depot  
  110  9:26  Marine x4  
  110  9:27  Medivac x2, Marauder x2  
  122  9:33  Missile Turret  
  122  9:43  Marine x2  
  122  9:44  Marine x2  
  122  9:45  Marine  
  127  9:47  Command Center  
  127  9:48  Marauder x2  
  131  9:53  Missile Turret, Armory  
  131  9:56  Marine  
  132  10:00  Medivac  
  134  10:22  Supply Depot  
  134  10:24  Supply Depot  
  134  10:26  Supply Depot  
  134  10:43  Medivac, Marine x6  
  134  10:46  Marine  
  143  10:53  Thor  
  143  10:54  Terran Infantry Weapons Level 2  
  143  10:55  Terran Infantry Armor Level 2  
  149  10:57  SCV  
  81  11:24  Marine x5  
  90  11:25  Marauder x2  
  90  11:30  SCV  
  91  11:34  SCV  
  92  11:51  Marine x5  
  92  11:52  Marine x2  
  92  11:53  Marauder  
  82  12:12  Marine x2  
  83  12:19  SCV x2  
  78  12:25  Marine x5  
  78  12:27  Marauder  
  85  12:31  SCV x2  
  87  12:43  SCV x2, Marine x4  
  87  12:44  Marine x2  
  94  12:45  Marauder  
  94  12:48  Orbital Command  
  97  12:54  Terran Vehicle And Ship Armor Level 1  
  97  12:55  SCV x2  
  99  13:06  Thor  
  99  13:12  Supply Depot  
  105  13:13  SCV  
  105  13:18  SCV x2  
  108  13:30  Marine x2  
  108  13:31  Marine x4  
  108  13:32  Marauder  
  81  13:44  Missile Turret  
  81  13:45  Missile Turret  
  62  14:00  Marine  
  62  14:01  Marine x7  
  53  14:06  Missile Turret x2  
  49  14:10  Missile Turret  
  42  14:18  Marine  
Tags
 
Add a new tag
Caveats
  • Supply blocks, unpowered buildings, or Contaminate may cause inaccurate times.
  • Supply counts are checked every 10 seconds.